 Dungeon Crawl Stone Soup version 0.23.0-3-gf3c87f2 (webtiles) character file.

Game seed: 10657891698490451601

191 vishdafish the Charmwright (level 5, -5/41 HPs)
             Began as a Demonspawn Skald on Feb 20, 2019.
             Slain by a phantom (7 damage)
             ... on level 4 of the Dungeon.
             The game lasted 00:05:10 (3316 turns).

vishdafish the Charmwright (Demonspawn Skald)       Turns: 3316, Time: 00:05:11

Health: -5/41      AC:  5    Str: 11    XL:     5   Next: 42%
Magic:  1/8        EV: 13    Int: 15    God:
Gold:   163        SH:  0    Dex: 13    Spells: 3/8 levels left

rFire    . . .     SeeInvis +   a - +0 spear
rCold    . . .     Gourm    .   (no shield)
rNeg     . . .     Faith    .   b - +0 leather armour
rPois    .         Spirit   .   h - +1 helmet
rElec    .         Reflect  .   (no cloak)
rCorr    .         Harm     .   (no gloves)
MR       .....                  (no boots)
Stlth    +.........             (no amulet)
HPRegen  0.13/turn              (no ring)
MPRegen  0.11/turn              n - ring of see invisible

@: infused
A: hooves 1, sturdy frame 2
a: no special abilities


You were on level 4 of the Dungeon.
You were not hungry.

You visited 1 branch of the dungeon, and saw 4 of its levels.

You collected 163 gold pieces.

Inventory:

Hand Weapons
 a - a +0 spear (weapon)
Armour
 b - a +0 leather armour (worn)
 h - a +1 helmet (worn)
Jewellery
 n - a ring of see invisible (right hand)
Scrolls
 c - 2 scrolls of teleportation {unknown}
 i - a scroll of enchant armour
 j - a scroll of remove curse
 l - a scroll of fear {unknown}
 o - a scroll of identify {unknown}
 p - a scroll of amnesia {unknown}
Potions
 e - 3 potions of brilliance {unknown}
 f - a potion of cancellation {unknown}
 g - a potion of might {unknown}
 k - a potion of degeneration {unknown}
 m - a potion of berserk rage {unknown}
 q - a potion of ambrosia {unknown}
Comestibles
 d - 4 rations


   Skills:
 + Level 3.0 Fighting
 + Level 2.7 Polearms
 + Level 2.2 Armour
 + Level 2.7 Dodging
 - Level 2.0 Spellcasting
 + Level 3.4 Charms


You had 3 spell levels left.
You knew the following spells:

 Your Spells              Type           Power        Failure   Level  Hunger
a - Infusion              Chrm           ##..         5%          1    #......
b - Song of Slaying       Chrm           ##......     8%          2    ###....
c - Shroud of Golubria    Chrm/Tloc      #.........   16%         2    ###....

Your spell library contained the following spells:

 Spells                   Type           Power        Failure   Level  Hunger
 Regeneration             Chrm/Necr      #.........   32%         3    ###....
 Spectral Weapon          Hex/Chrm       #.......     32%         3    ###....


Dungeon Overview and Level Annotations

Branches:
Dungeon (4/15)
 Temple: D:4-7

Altars:


Innate Abilities, Weirdness & Mutations

You have large cloven feet.
Your movements are less encumbered by armour. (ER -4)


Message History

You closely miss the phantom. Your kick misses the phantom.
The phantom is almost destroyed.
You hit the phantom.
The phantom is almost destroyed.
The phantom closely misses you.
You barely miss the phantom.
The phantom is almost destroyed.
The phantom barely misses you.
You hit the phantom.
The phantom is almost destroyed.
The phantom hits you.
* * * LOW HITPOINT WARNING * * *
You barely miss the phantom.
The phantom is almost destroyed.
The phantom hits you!
* * * LOW HITPOINT WARNING * * *
You closely miss the phantom.
The phantom is almost destroyed.
The phantom hits you!
You die...

#####
#...###
#.....##
#.....###
#<>....####
##@W.......
##........
###...#####
###...###
##...###
#...##
#..##
##..##
#...##


You could see a phantom.

Vanquished Creatures
  A phantom (D:4)
  Robin (D:2)
  3 adders (D:2)
  3 worms
  2 dart slugs (D:3)
  An orc (D:3)
  2 giant cockroaches
  14 goblins
  10 hobgoblins
  2 ball pythons
  3 bats
  3 frilled lizards
  4 kobolds
  4 rats
53 creatures vanquished.

Vanquished Creatures (others)
  3 toadstools (D:4)
3 creatures vanquished.

Grand Total: 56 creatures vanquished

Notes
Turn   | Place    | Note
-------+----------+-------------------------------------------
     0 | D:1      | vishdafish the Demonspawn Skald began the quest for the
                  | Orb.
     0 | D:1      | Reached XP level 1. HP: 16/16 MP: 3/3
   124 | D:1      | Reached skill level 1 in Armour
   411 | D:1      | Gained mutation: Your movements are slightly less
                  | encumbered by armour. (ER -2) [demonic ancestry]
   411 | D:1      | Reached XP level 2. HP: 17/22 MP: 5/5
   897 | D:1      | Learned a level 2 spell: Song of Slaying
   900 | D:1      | Learned a level 2 spell: Shroud of Golubria
  1091 | D:2      | Gained mutation: You have large cloven feet. [demonic
                  | ancestry]
  1091 | D:2      | Reached XP level 3. HP: 23/28 MP: 2/6
  1354 | D:2      | Noticed Robin
  1670 | D:2      | Killed Robin
  2031 | D:2      | Reached XP level 4. HP: 32/34 MP: 2/7
  2956 | D:4      | Noticed a phantom
  3002 | D:4      | Killed a phantom
  3002 | D:4      | Gained mutation: Your movements are less encumbered by
                  | armour. (ER -4) [demonic ancestry]
  3002 | D:4      | Reached XP level 5. HP: 26/41 MP: 3/8
  3020 | D:4      | Noticed a phantom
  3315 | D:4      | HP: 2/41 [phantom (8)]
  3316 | D:4      | Slain by a phantom

Skill      XL: |  1  2  3  4 |
---------------+-------------+-----
Armour         | 1 2 |  2.2
Polearms       | 2 |  2.7
Dodging        | 2 |  2.7
Charms         | 3 |  3.4
Fighting       | 3 |  3.0
Spellcasting   | |  2.0

Action                   |  1- 3 |  4- 6 || total
-------------------------+-------+-------++-------
Melee: Spear             |   134 |   108 ||   242
       Kick              |     9 |    17 ||    26
 Cast: Infusion          |     5 |     6 ||    11
       Shroud of Golubri |       |     2 ||     2
  Use: Potion            |     2 |       ||     2
       Scroll            |       |     2 ||     2
 Stab: Sleeping          |     1 |       ||     1
  Eat: Chunk             |     3 |     3 ||     6
       Ration            |       |     1 ||     1
Armor: Leather armour    |    24 |     6 ||    30
Dodge: Dodged            |    54 |    35 ||    89
